 Dungeon Crawl Stone Soup version 0.28.0-53-g5a82cb258f (webtiles) character file.

Game seed: 7919096869954196646

116 Acheron the Ducker (level 4, 0/42 HPs)
             Began as a Troll Warper on Aug 1, 2022.
             Slain by an orc
             ... wielding a +0 hand axe
              (6 damage)
             ... on level 3 of the Dungeon.
             The game lasted 00:04:25 (1134 turns).

Acheron the Ducker (Troll Warper)                   Turns: 1134, Time: 00:04:25

Health: 0/42       AC:  4    Str: 19    XL:     4   Next: 70%
Magic:  5/5        EV: 10    Int:  9    God:
Gold:   70         SH:  0    Dex: 11    Spells: 3/5 levels left

rFire   . . .      SeeInvis .     - Unarmed
rCold   . . .      Faith    .   (no shield)
rNeg    . . .      Spirit   .   a - +0 robe
rPois   .          Reflect  .   (helmet restricted)
rElec   .          Harm     .   (no cloak)
rCorr   .          Rampage  .   (gloves unavailable)
Will    .....                   (boots unavailable)
Stlth   +.........              (no amulet)
HPRegen 0.94/turn               (no ring)
MPRegen 0.09/turn               (no ring)

@: no status effects
A: large, unfitting armour, claws 3, regeneration 1, shaggy fur 1, tough skin 1
a: no special abilities


You were on level 3 of the Dungeon.
You visited 1 branch of the dungeon, and saw 3 of its levels.

You collected 70 gold pieces.

Inventory:

Missiles
 c - 5 boomerangs of dispersal (quivered)
 f - 3 javelins
Armour
 a - a +0 robe (worn)
Jewellery
 d - a ring of fire
Scrolls
 b - a scroll of blinking
Potions
 e - 2 potions of degeneration {unknown}
 g - 2 potions of flight
 h - a potion of heal wounds {unknown}
 i - a potion of might {unknown}
 j - a potion of curing {unknown}


   Skills:
 * Level 1.9 Fighting
 + Level 0.8 Throwing
 * Level 3.0 Dodging
 * Level 0.6 Stealth
 + Level 2.8 Unarmed Combat
 + Level 1.3 Spellcasting
 + Level 2.5 Translocations


You had 3 spell levels left.
You knew the following spells:

 Your Spells              Type           Power      Damage    Failure   Level
a - Blink                 Tloc           10%        N/A       19%         2

Your spell library contained the following spells:

 Spells                   Type           Power      Damage    Failure   Level
 Freeze                   Ice            0%         1d3       34%         1
 Gell's Gravitas          Tloc           5%         N/A       36%         3
 Lesser Beckoning         Tloc           5%         N/A       36%         3
 Teleport Other           Tloc           5%         N/A       36%         3
 Frozen Ramparts          Ice            0%         1d2       71%         3
 Animate Armour           Summ/Erth      0%         N/A       98%         4
 Hailstorm                Conj/Ice       0%         3d3       98%         4
 Manifold Assault         Tloc           5%         N/A       98%         5
 Blade Hands              Tmut           0%         N/A       100%        5
 Iron Shot                Conj/Erth      0%         9d1       100%        6


Dungeon Overview and Level Annotations

Branches:
Dungeon (3/15)

Altars:


Innate Abilities, Weirdness & Mutations

You are too large for most types of armour.
You have claws for hands.
Your natural rate of healing is unusually fast.
You are covered in fur. (AC +1)
You have tough skin. (AC +1)


Message History

You claw the orc priest!
The orc priest is severely wounded.
You barely miss something. Something hits you.
The orc priest invokes the aid of Beogh against you.
Pain shoots through your body!
You closely miss the orc priest.
The orc priest is severely wounded.
The orc priest barely misses you. Something hits you.
You claw the orc priest!
You kill the orc priest!
You hear some strange, mumbled words.
Something tries to affect you, but you resist.
Your Dodging skill increases to level 3!
Something hits you.
You see here a +0 war axe.
You scratch something. The orc hits you with a +0 hand axe.
Something hits you but does no damage.
Items here: )) [[ †.
You closely miss the orc. The orc hits you with a +0 hand axe.
Something hits you but does no damage.
You miss something. The orc hits you with a +0 hand axe.
You closely miss something. Something hits you. The orc closely misses you.
You closely miss something. Something hits you.
The orc hits you with a +0 hand axe.
You barely miss something. Something hits you but does no damage.
The orc hits you with a +0 hand axe.
You miss something. Something hits you. The orc hits you with a +0 hand axe.
* * * LOW HITPOINT WARNING * * *
You closely miss something. Something hits you but does no damage.
The orc barely misses you.
You miss something. Something hits you.
* * * LOW HITPOINT WARNING * * *
You miss something. The orc hits you with a +0 hand axe.
* * * LOW HITPOINT WARNING * * *
Something hits you.
* * * LOW HITPOINT WARNING * * *
You barely miss something. The orc closely misses you.
Something hits you but does no damage.
You scratch something but do no damage. The orc hits you with a +0 hand axe.
You die...

####.#
...#.#################
##...................
#########.######...
#....###.# #..#.....#
##...#.### #
##.##{####...#
#.##)@o...#
#.#######...# ... #
### #. .# #. .# ##. .#
# .. # ##.# #.#


You could see an orc.

Vanquished Creatures
  An orc priest (D:3)
  An orc wizard (D:3)
  An adder (D:2)
  A worm (D:2)
  3 dart slugs
  An orc (D:3)
  6 bats
  3 endoplasms
  2 giant cockroaches
  4 goblins
  7 hobgoblins
  2 quokkas
  2 ball pythons (D:1)
  3 frilled lizards (D:1)
  3 kobolds
  3 rats
43 creatures vanquished.

Notes
Turn   | Place    | Note
-------+----------+-------------------------------------------
     0 | D:1      | Acheron the Troll Warper began the quest for the Orb.
     0 | D:1      | Reached XP level 1. HP: 19/19 MP: 1/1
    19 | D:1      | Reached skill level 2 in Dodging
    92 | D:1      | Reached XP level 2. HP: 27/27 MP: 2/2
   150 | D:1      | Learned a level 2 spell: Blink
   402 | D:1      | Reached XP level 3. HP: 32/35 MP: 3/3
  1116 | D:3      | Reached XP level 4. HP: 42/42 MP: 5/5
  1121 | D:3      | Reached skill level 3 in Dodging
  1134 | D:3      | Slain by an orc

Illustrated notes

Levels and vault maps discovered:
D:1:      minmay_arrival_three_doors, layout_basic, serial_bayou_pond_d,
          minmay_hedge_maze, fountainhead
D:2:      layout_rooms
D:3:      layout_loops_ring, chequers_garden, uniq_grinder

Skill      XL: |  1  2  3  4 |
---------------+-------------+-----
Dodging        | 2 3 |  3.0
Fighting       | |  1.9
Throwing       | |  0.8
Stealth        | |  0.6
Unarmed Combat | |  2.8
Spellcasting   | |  1.3
Translocations | |  2.5

Action                   |  1- 3 |  4- 6 || total
-------------------------+-------+-------++-------
Melee: Unarmed           |   123 |    17 ||   140
       Punch             |     2 |       ||     2
  Use: Scroll            |     3 |       ||     3
 Stab: Sleeping          |     3 |       ||     3
Armor: Robe              |    54 |     5 ||    59
Dodge: Dodged            |    67 |     4 ||    71
